 Dungeon Crawl Stone Soup version 0.30.1-9-gdf580d7c3d (webtiles) character file.

Game seed: 9749736727932568530

12 H0rd4k the Charlatan (level 2, 0/18 HPs)
             Began as an Octopode Artificer on Oct 17, 2023.
             Slain by a quokka (2 damage)
             ... on level 1 of the Dungeon.
             The game lasted 00:00:42 (379 turns).

H0rd4k the Charlatan (Octopode Artificer)            Turns: 379, Time: 00:00:42

Health: 0/18       AC:  1    Str: 11    XL:     2   Next: 33%
Magic:  2/2        EV: 13    Int: 13    God:
Gold:   51         SH:  0    Dex: 12    Spells: 1/1 levels left

rFire   . . .        (no weapon)
rCold   . . .        (no shield)
rNeg    . . .        (helmet restricted)
rPois   .            (no amulet)
rElec   .            f - ring of see invisible
rCorr   .            (no ring)
SInv    +            (no ring)
Will    .....        (no ring)
Stlth   +++          (no ring)
HPRegen 0.23/turn    (no ring)
MPRegen 0.08/turn    (no ring)
                     (no ring)

%: no passive effects
@: no status effects
A: almost no armour, amphibious, 8 rings, camouflage 1, gelatinous body 1,
(nimble swimmer 1), tentacles
a: no special abilities


You were on level 1 of the Dungeon.
You visited 1 branch of the dungeon, and saw 1 of its levels.

You collected 51 gold pieces.

Inventory:

Hand Weapons
 j - a +1 dagger of venom
Jewellery
 f - a ring of see invisible (left tentacle)
Wands
 b - a wand of flame (15) (quivered)
 c - a wand of charming (14)
 d - a wand of iceblast (5)
Scrolls
 e - a scroll of fear {unknown}
Potions
 a - 2 potions of attraction {unknown}
 g - 2 potions of curing {unknown}
 h - a potion of heal wounds {unknown}
 i - a potion of berserk rage {unknown}
 k - a potion of resistance {unknown}
 l - a potion of haste {unknown}
 m - 2 potions of magic {unknown}


   Skills:
 + Level 1.2 Fighting
 + Level 2.7 Dodging
 - Level 1.3 Stealth
 + Level 3.6 Evocations


You had one spell level left.
You didn't know any spells.
Your spell library was empty.

Dungeon Overview and Level Annotations

Branches:
Dungeon (1/15)

Altars:


Innate Abilities, Weirdness & Mutations

You cannot wear most types of armour.
You are amphibious.
You can wear up to eight rings at the same time.
Your skin changes colour to match your surroundings (Stealth+).
Your rubbery body absorbs attacks. (AC +1, EV +1)
((You are camouflaged when in or above water. (Stealth+)))
You have tentacles for arms and can constrict up to eight enemies at once.


Message History

The quokka closely misses you.
There is an open door here.
The quokka attacks as you move away! The quokka bites you.
* * * LOW HITPOINT WARNING * * *
Aiming: Charm
Press: ? - help, Shift-Dir - straight line, f - quokka
Aim: a quokka (chance to affect: 74%)
The quokka is charmed.
Unknown command.
What are your orders? t - Shout!
Orders for allies: a - Attack new target. p - Attack previous target. r - Retreat! s - Stop attacking. g - Guard the area. f - Follow me.
Anything else - Cancel.
Guard this area!
Your quokka bites the rat.
The rat barely misses your quokka.
Your quokka barely misses the rat.
The rat closely misses your quokka.
Your quokka barely misses the rat.
The rat barely misses your quokka.
The rat bites your quokka but does no damage.
Your quokka barely misses the rat.
The rat bites your quokka. The rat barely misses your quokka.
Your quokka misses the rat.
Your quokka closely misses the rat.
The rat bites your quokka but does no damage.
The rat barely misses your quokka.
You open the door.
A rat comes into view.
Found a bubbling silvery potion.
You feel a bit more experienced.
There is an open door here.
An endoplasm comes into view.
The helpless rat fails to defend itself.
You tentacle-slap the rat.
You kill the rat!
The quokka bites you.
* * * LOW HITPOINT WARNING * * *
You barely miss the quokka. You grab the quokka. You constrict the quokka.
The quokka bites you.
You die...

#......)..r# #
#..........# .#
#...รท....rr####### .
)...).....rr.....#.#
...........#####.#.##..#
...#.....##### #.......#
.............# #.#.##..#
.............###r#......
.............##.@.....#
.............##.......#
.##.>##########.........
###### #.............#
#..J.!........#
#.............#
######......... #
#.......## # #.......#


You could see a quokka.

Vanquished Creatures
  2 endoplasms (D:1)
  A goblin (D:1)
  2 hobgoblins (D:1)
  2 ball pythons (D:1)
  2 bats (D:1)
  A kobold (D:1)
  A rat (D:1)
11 creatures vanquished.

Vanquished Creatures (collateral kills)
  A rat (D:1)
1 creature vanquished.

Vanquished Creatures (others)
  A quokka (D:1)
1 creature vanquished.

Grand Total: 13 creatures vanquished

Notes
Turn   | Place    | Note
-------+----------+-------------------------------------------
     0 | D:1      | H0rd4k the Octopode Artificer began the quest for the Orb.
     0 | D:1      | Reached XP level 1. HP: 13/13 MP: 1/1
     7 | D:1      | Noticed a swamp worm
     7 | D:1      | Noticed a polar bear
     8 | D:1      | Noticed a rime drake
     8 | D:1      | Noticed a wolf
   153 | D:1      | Reached XP level 2. HP: 18/18 MP: 2/2
   379 | D:1      | Slain by a quokka

Illustrated notes

Levels and vault maps discovered:
D:1:      onia_arrival_zoo_common, layout_basic, minmay_tetromino_l2

Action                     || total
---------------------------++-------
  Melee: Unarmed           ||    27
         Tentacles         ||     8
         Constrict         ||     9
  Evoke: Wand              ||     1
   Stab: Sleeping          ||     2
 Armour: Skin              ||     4
  Dodge: Dodged            ||    33
